AoeStats
← Jumala

Arabia

509452992Analyzed
2v2 RM · 6d ago on Sep 26, 2026· 36m 56s· 4 players
Game mode
Random Map
Map size
Medium (4 player)
Population
200
Speed
Normal
Resources
Standard
Victory
Conquest
Starting age
Dark Age
Ending age
Imperial Age
RankedLock teamsTeams togetherTeam positionsShared explorationLock speedFull tech treeHidden civsTurbo modeCheats
Victory
Defeat
🇧🇷 Varangians · Brazil
1089
+14
🇧🇷 Magyars · Brazil
891
+22
🇩🇪 Hindustanis · Germany
1038
-18
🇩🇪 Danes · Germany
1036
-18
Soldado Raso
6:50 Loom
9:26 Feudal Age
10:06 Double-Bit Axe
10:25 Horse Collar
13:18 Bloodlines
14:59 Forging
20:24 Wheelbarrow
23:20 Castle Age
23:20 Scale Barding Armor
23:24 Pikeman
23:33 Light Cavalry
24:19 Squires
26:09 Iron Casting
26:31 Chain Barding Armor
26:21 Arson
33:34 Husbandry
35:20 Bow Saw
35:49 Gold Mining
Bønifáciø
6:34 Loom
7:00 Loom
9:24 Feudal Age
9:51 Double-Bit Axe
9:48 Horse Collar
23:47 Castle Age
23:34 Scale Barding Armor
23:42 Bloodlines
24:26 Gold Mining
24:55 Bow Saw
25:34 Fletching
25:45 Padded Archer Armor
26:12 Bodkin Arrow
26:49 Crossbowman
29:05 Leather Archer Armor
29:52 Gold Shaft Mining
31:16 Thumb Ring
35:47 Town Watch
Jumala
6:51 Loom
9:06 Feudal Age
9:44 Double-Bit Axe
19:42 Castle Age
18:11 Scale Barding Armor
20:05 Pikeman
22:33 Gold Mining
22:26 Horse Collar
25:12 Bloodlines
29:18 Squires
lucky
7:00 Loom
9:26 Feudal Age
9:58 Double-Bit Axe
9:35 Man-at-Arms
11:15 Arson
16:10 Horse Collar
20:35 Castle Age
19:38 Forging
21:54 Squires
21:39 Gambesons
22:54 Scale Mail Armor
25:14 Gold Mining
29:31 Elite Skirmisher
30:45 Padded Archer Armor
31:32 Thumb Ring
34:13 Fletching
35:13 Chain Mail Armor
37:30 Iron Casting
36:51 Bodkin Arrow
Connection lost

Rejoining the realm…

Still unreachable

The connection could not be restored.

Session expired

The server has moved on; the page needs a fresh start.